 Dungeon Crawl Stone Soup version 0.24.0-123-gd5b16e6ec5 (webtiles) character file.

Game seed: 6067965056243840791, levelgen mode: deterministic

199824 Bluestream the Slayer (level 17, -30/144 HPs)
             Began as a Minotaur Berserker on Feb 2, 2020.
             Was the Champion of Trog.
             Killed from afar by a starcursed mass (31 damage)
             ... with an accursed screaming
             ... on level 2 of the Abyss.
             The game lasted 01:49:55 (35315 turns).

Bluestream the Slayer (Minotaur Berserker)         Turns: 35315, Time: 01:49:56

Health: -30/144    AC: 31    Str: 22 (23) XL:     17   Next: 85%
Magic:  0/12       EV: 10    Int:  0      God:    Trog [******]
Gold:   2788       SH:  0    Dex:  8      Spells: 16/16 levels left

rFire    . . .     SeeInvis .   F - +9 dire flail (drain)
rCold    . . .     Gourm    .   (shield currently unavailable)
rNeg     . . .     Faith    .   y - +4 storm dragon scales
rPois    +         Spirit   +   (helmet restricted)
rElec    +         Reflect  .   M - +2 cloak
rCorr    +         Harm     .   S - +2 pair of gloves
MR       +....     Rnd*Rage +   L - +2 pair of boots
Stlth    ..........             N - amulet of guardian spirit
HPRegen  0.34/turn              T - ring of resist corrosion
MPRegen  0.13/turn              E - ring of poison resistance

@: about to teleport, berserk cooldown, slowed, lost intelligence, very slow
A: retaliatory headbutt, horns 2, [berserk 3], [clumsy 2], [deformed body],
[deterioration 2], [dopey 2], [frail 2], [low mp 2], [weak 2]
}: 1/15 runes: decaying
a: Berserk, Trog's Hand, Brothers in Arms, Renounce Religion


You were on level 2 of the Abyss.
You worshipped Trog.
Trog was exalted by your worship.
You were near starving.

You visited 6 branches of the dungeon, and saw 32 of its levels.
You visited the Abyss 1 time.
You also visited: Volcano.

You collected 2788 gold pieces.

Inventory:

Hand Weapons
 g - a +3 dire flail of protection
 F - a +9 dire flail of draining (weapon)
 U - a +4 antimagic demon whip
Armour
 y - +4 storm dragon scales (worn)
 L - a +2 pair of boots (worn)
 M - a +2 cloak (worn)
 S - a +2 pair of gloves (worn)
 W - a +0 shield
Jewellery
 a - an uncursed ring of positive energy
 l - an uncursed ring of protection from cold
 p - an uncursed ring of stealth {unknown}
 C - a cursed amulet of inaccuracy
 E - a ring of poison resistance (right hand)
 K - an uncursed amulet of the acrobat
 N - an amulet of guardian spirit (around neck)
 T - a ring of resist corrosion (left hand)
 X - an uncursed ring of protection from cold
Wands
 d - a wand of digging (3)
 i - a wand of enslavement (8)
 r - a wand of iceblast (25)
 t - a wand of polymorph (17)
 u - a wand of paralysis (30)
 w - a wand of acid (26)
 R - a wand of flame (14)
 Y - a wand of clouds (7)
Scrolls
 e - 20 scrolls of remove curse
 f - 14 scrolls of teleportation
 m - 5 scrolls of magic mapping
 n - 3 scrolls of fog
 s - 4 scrolls of immolation
 x - a scroll of acquirement
 H - a scroll of summoning
 I - 15 scrolls of identify
 J - 7 scrolls of enchant weapon
 P - 6 scrolls of fear
Potions
 b - a potion of cancellation
 h - 15 potions of curing
 j - 4 potions of magic
 k - 6 potions of resistance
 o - 2 potions of flight
 q - 6 potions of agility
 v - 8 potions of brilliance
 A - 9 potions of heal wounds
 D - 4 potions of berserk rage
 G - 6 potions of invisibility
 O - a potion of ambrosia {unknown}
 Z - 4 potions of haste
Comestibles
 c - 47 rations


   Skills:
 + Level 23.8 Fighting
 - Level 14.0 Maces & Flails
 + Level 23.0 Armour
 - Level 2.1 Dodging


You had 16 spell levels left.
You didn't know any spells.
Your spell library was empty.

Dungeon Overview and Level Annotations

Branches:
Dungeon (15/15) Temple (1/1) D:7 Lair (6/6) D:11 Swamp (4/4) Lair:4 Snake (4/4) Lair:4 Slime (0/5) Lair:6 Orc (2/2) D:12 Elf (0/3) Orc:2 Vaults (0/5) D:13 D:14 Depths (0/5) D:15 Volcano (visited)

Altars:
Cheibriados
Fedhas
Hepliaklqana
Makhleb
Okawaru
Ru
Trog
Wu Jian
Xom
Yredelemnul
Zin
The Shining One
Beogh
Jiyva

Shops:
D:9 *   D:12 %   D:14 ?   Orc:2 ?*}[   Snake:2 *

Annotations:
D:9 1 runed translucent door
D:13 exclusions: obsidian statue and orange crystal statue
Lair:3 exclusion: oklob plant
Swamp:2 2 transporters
Swamp:3 3 runed translucent doors, Lernaean hydra; Suryr's ghost, adept GnWz
Snake:4 Louise


Innate Abilities, Weirdness & Mutations

You reflexively headbutt those who attack you in melee.
You have a pair of horns on your head.
[You have an uncontrollable temper.]
[You are very clumsy. (Dex -4)]
[Armour fits poorly on your strangely shaped body.]
[Your body often deteriorates upon taking damage.]
[You are very dopey. (Int -4)]
[You are very frail. (-20% HP)]
[Your magical capacity is very low. (-20% MP)]
[You are very weak. (Str -4)]


Message History

You can move again.
You hit the starcursed mass.
The starcursed mass is lightly damaged.
The starcursed mass shudders and is absorbed by its neighbour.
A starcursed mass splits.
The starcursed mass engulfs you!
* * * LOW HITPOINT WARNING * * *
The starcursed mass engulfs you but does no damage.
You almost manage to decipher the scroll, but fail in this attempt.
The starcursed mass engulfs you but does no damage. x2
A cacophony of accursed wailing tears at your sanity!
* * * LOW HITPOINT WARNING * * *
A starcursed mass splits.
The starcursed mass closely misses you.
The starcursed mass engulfs you but does no damage.
A large abomination comes into view.
The starcursed mass completely misses you.
The starcursed mass misses you.
Unknown command.
You almost manage to decipher the scroll, but fail in this attempt.
A cacophony of accursed wailing tears at your sanity!
You die...

.♣.. ≈≈♣ .. ♣#.......≈
≈♣♣ ♣♣........≈≈≈ ♣
♣♣≈≈........ ≈ ♣
♣≈...........#.♣
♣♣≈≈.........≈ ♣
♣♣♣♣♣.XX....♣♣......≈
♣♣≈≈≈≈#XXXX♣♣.§.... .♣.
...≈≈≈X@XXX.♣♣♣....X≈.≈
≈.≈≈≈≈XXXXX♣X.. ......≈
≈≈≈≈≈≈.XX.XX........X ≈
≈≈≈X≈≈.≈..X...._...≈≈..
X#≈≈....≈......≈≈. .. .
..≈≈..≈≈........≈≈.♣≈..
≈.≈.♣≈≈≈♣♣..≈.#...♣♣ ≈≈
≈#.≈...♣♣♣≈≈≈.≈...≈♣ ≈≈
♣≈ ..≈≈≈≈.≈.


You could see 21 starcursed masses and 2 large abominations.

Vanquished Creatures
  Bai Suzhen (Swamp:3)
  A tentacled monstrosity (Swamp:4)
  Kirke (Swamp:3)
  Gastronok (D:9)
  2 thorn hunters (Swamp:4)
  An azure jelly (Snake:3)
  2 nagarajas
  Donald (Snake:4)
  An orc warlord (Orc:2)
  Aizul (Swamp:1)
  5 very ugly things
  Nessos (D:14)
  The ghost of Fuxod the Fighter, a journeyman GnWn of Xom (Lair:3)
  An ettin (D:12)
  A death ooze (Lair:3)
  4 fire dragons
  The ghost of Johnny the Geomancer, a journeyman DgEE (Lair:1)
  A shambling mangrove (Swamp:3)
  5 naga warriors
  A rakshasa (D:11)
  A ghost crab (Swamp:4)
  3 anacondas
  3 centaur warriors
  25 hydras
  10 alligators
  2 catoblepae
  16 two-headed ogres
  A naga sharpshooter (Snake:4)
  An ogre mage (D:15)
  Urug (Lair:5)
  2 wretched stars (Abyss:2)
  4 orc high priests (Orc:2)
  A spriggan (Swamp:2)
  4 shock serpents
  2 thrashing horrors (Abyss:2)
  2 salamander mystics
  5 unseen horrors
  A naga ritualist (Snake:4)
  A wizard (Swamp:4)
  9 swamp dragons
  4 orc knights
  A wolf spider zombie (D:15)
  3 mana vipers
  3 ugly things
  4 orc sorcerers (Orc:2)
  A deep elf mage (D:12)
  A cyclops (shapeshifter) (D:14)
  A manticore (D:12)
  A wolf spider (Lair:6)
  5 cyclopes
  11 salamanders
  2 centaur zombies
  2 guardian serpents
  12 naga magi
  15 elephants
  A torpor snail (Lair:5)
  27 black mambas
  Psyche (D:10)
  A guardian serpent (shapeshifter) (D:15)
  19 spiny frogs
  A gargoyle (D:10)
  7 komodo dragons
  3 centaur skeletons
  An efreet (D:13)
  4 rime drakes
  2 tormentors (Abyss:2)
  2 freezing wraiths (Snake:3)
  An ancient zyme (Abyss:2)
  9 tyrant leeches
  10 trolls
  3 blink frogs (Lair:4)
  A queen bee (Lair:1)
  A harpy skeleton (D:15)
  5 bog bodies
  7 hornets
  12 slime creatures
  18 dream sheep
  10 hippogriffs
  A redback (Lair:6)
  27 wyverns
  2 shadows
  4 starcursed masses (Abyss:2)
  2 vampires (D:15)
  6 fire bats (Volcano)
  16 humans
  23 yaks
  A wraith (D:14)
  5 hogs (Swamp:3)
  3 hungry ghosts
  2 chaos spawn (Abyss:2)
  5 basilisks
  5 steam dragons (Volcano)
  17 vampire mosquitoes
  3 wargs
  2 large abominations (Abyss:2)
  A redback simulacrum (D:15)
  9 swamp worms
  A soldier ant (D:12)
  11 insubstantial wisps
  An acid dragon (D:13)
  24 nagas
  22 water moccasins
  Edmund (D:6)
  10 porcupines
  A black bear (D:10)
  15 swamp drakes
  6 sky beasts
  38 orc warriors
  A hornet zombie (D:15)
  2 necrophages
  3 ice beasts
  A phantom (D:11)
  2 small abominations (Abyss:2)
  An eye of draining (D:15)
  16 centaurs
  18 ogres
  4 boggarts
  4 wolves
  16 crocodiles
  14 bullfrogs
  2 big kobolds
  2 wyvern skeletons (D:12)
  6 scorpions
  21 killer bees
  21 wights
  An electric eel (Lair:1)
  5 howler monkeys
  7 crimson imps
  2 bullfrog zombies
  2 quasits
  9 jellies
  6 hounds
  33 orc priests
  22 orc wizards
  2 bullfrog skeletons (D:5)
  4 iguanas
  Ijyb (D:3)
  12 worker ants
  5 hell rats (Lair:1)
  3 hound skeletons
  A worker ant zombie (D:6)
  A howler monkey zombie (D:6)
  14 gnolls
  23 adders
  8 river rats (Lair:1)
  An ufetubus (Abyss:2)
  3 oozes
  An adder zombie (D:6)
  3 worms (D:2)
  A dart slug (D:4)
  10 leopard geckos
  91 orcs
  8 bats
  9 giant cockroaches
  3 goblins
  13 hobgoblins
  6 jackals
  12 kobolds
  3 ball pythons
  11 frilled lizards
  An orc zombie (Abyss:2)
  A quokka skeleton (D:5)
  A quokka zombie (D:5)
  13 rats
  A spectral orc (D:8)
  A briar patch (Swamp:4)
  3 butterflies
  2 plants (Lair:6)
1096 creatures vanquished.

Vanquished Creatures (others)
  A hydra (Swamp:4)
  A polar bear (Lair:6)
  A human (Swamp:3)
  A boggart (D:14)
  6 fungi (Lair:6)
  13 plants
  6 toadstools (D:8)
29 creatures vanquished.

Grand Total: 1125 creatures vanquished

Notes
Turn   | Place    | Note
-------+----------+-------------------------------------------
     0 | D:1      | Bluestream the Minotaur Berserker began the quest for the
                  | Orb.
     0 | D:1      | Reached XP level 1. HP: 19/19 MP: 0/0
   117 | D:1      | Reached XP level 2. HP: 24/27 MP: 1/1
   594 | D:2      | Reached XP level 3. HP: 32/33 MP: 2/2
   702 | D:2      | Reached ** piety under Trog
   723 | D:2      | Reached skill level 5 in Maces & Flails
  1160 | D:2      | Reached XP level 4. HP: 37/41 MP: 3/3
  1928 | D:3      | Reached XP level 5. HP: 47/47 MP: 4/4
  1931 | D:3      | Reached skill level 5 in Fighting
  1937 | D:3      | Reached XP level 6. HP: 29/56 MP: 5/5
  2448 | D:3      | Noticed Ijyb
  2455 | D:3      | Killed Ijyb
  2547 | D:3      | Found a blossoming altar of Fedhas.
  3032 | D:4      | Reached *** piety under Trog
  3380 | D:4      | Reached XP level 7. HP: 51/63 MP: 6/6
  3476 | D:4      | Found a hazy altar of Hepliaklqana.
  3775 | D:5      | Entered Level 5 of the Dungeon
  4750 | D:5      | Reached **** piety under Trog
  4750 | D:5      | Reached XP level 8. HP: 73/73 MP: 7/7
  4856 | D:6      | Reached skill level 10 in Maces & Flails
  5008 | D:6      | Found a burning altar of Makhleb.
  5010 | D:6      | Noticed a balrug
  5013 | D:6      | Found a glowing silver altar of Zin.
  5013 | D:6      | Noticed an angel
  5080 | D:6      | Received a gift from Trog
  5256 | D:6      | Noticed Edmund
  5264 | D:6      | Killed Edmund
  5525 | D:6      | Reached XP level 9. HP: 75/82 MP: 8/8
  5632 | D:6      | Found an iron altar of Okawaru.
  5923 | D:7      | Found a staircase to the Ecumenical Temple.
  6620 | D:7      | Reached skill level 5 in Armour
  7133 | D:7      | Found a snail-covered altar of Cheibriados.
  7133 | D:7      | Found a glowing golden altar of the Shining One.
  7152 | Temple   | Entered the Ecumenical Temple
  7216 | D:8      | Found a bloodstained altar of Trog.
  7254 | D:7      | Reached skill level 10 in Fighting
  7418 | D:8      | Reached XP level 10. HP: 93/93 MP: 9/9
  7440 | D:8      | Reached ***** piety under Trog
  7557 | D:8      | Noticed a two-headed ogre
  7562 | D:8      | Killed a two-headed ogre
  7742 | D:8      | Found a basalt altar of Yredelemnul.
  7785 | D:8      | Noticed a two-headed ogre
  7788 | D:8      | Killed a two-headed ogre
  7979 | D:9      | Noticed Gastronok
  7994 | D:9      | Killed Gastronok
  8367 | D:9      | Found Coligets's General Store.
  8487 | D:9      | Reached XP level 11. HP: 104/104 MP: 10/10
  8631 | D:9      | Found a runed translucent door.
  8632 | D:9      | Found a runed translucent door.
  8883 | D:10     | Entered Level 10 of the Dungeon
  8908 | D:10     | Noticed Psyche
  8918 | D:10     | Killed Psyche
  9421 | D:10     | Reached skill level 10 in Armour
  9577 | D:11     | Received a gift from Trog
  9578 | D:11     | Noticed a white ugly thing
  9589 | D:11     | Killed a white ugly thing
  9779 | D:11     | Noticed a rakshasa
  9801 | D:11     | Killed a rakshasa
 10012 | D:11     | Noticed a two-headed ogre
 10025 | D:11     | Killed a two-headed ogre
 10054 | D:11     | Found a staircase to the Lair.
 10320 | Lair:1   | Entered Level 1 of the Lair of Beasts
 10634 | Lair:1   | Reached XP level 12. HP: 77/117 MP: 11/11
 10662 | Lair:1   | Found a dark tunnel.
 10669 | Lair:1   | Received a gift from Trog
 10675 | Volcano  | Entered a volcano
 11097 | Volcano  | Noticed a two-headed ogre
 11113 | Volcano  | Killed a two-headed ogre
 11113 | Volcano  | Reached skill level 15 in Fighting
 11146 | Volcano  | Noticed a fire dragon
 11155 | Volcano  | Killed a fire dragon
 11630 | Lair:1   | Found a transporter.
 11634 | Lair:1   | Found a transporter.
 11647 | Lair:1   | Noticed Johnny's ghost (journeyman DgEE)
 11685 | Lair:1   | Killed Johnny's ghost
 12327 | Lair:2   | Received a gift from Trog
 12335 | Lair:2   | Reached ****** piety under Trog
 13133 | Lair:3   | Reached XP level 13. HP: 128/128 MP: 12/12
 13608 | Lair:3   | Reached skill level 15 in Armour
 13730 | Lair:3   | Found a runed translucent gate.
 13731 | Lair:3   | Found a runed translucent gate.
 13979 | Lair:3   | Found a runed translucent gate.
 13982 | Lair:3   | Noticed a death ooze
 13983 | Lair:3   | Noticed Fuxod's ghost (journeyman GnWn)
 14201 | Lair:3   | Found a viscous altar of Jiyva.
 14222 | Lair:3   | Killed Fuxod's ghost
 14232 | Lair:3   | Killed a death ooze
 14232 | Lair:3   | Received a gift from Trog
 14516 | Lair:4   | You fall into a shaft and drop 2 floors!
 14516 | Lair:6   | Entered Level 6 of the Lair of Beasts
 14962 | Lair:4   | Found a staircase to the Swamp.
 14988 | Lair:4   | Found a staircase to the Snake Pit.
 15517 | Snake:1  | Entered Level 1 of the Snake Pit
 15611 | Lair:5   | Found an ornate altar of the Wu Jian Council.
 15627 | Lair:5   | Received a gift from Trog
 15709 | Lair:5   | Reached XP level 14. HP: 138/143 MP: 13/13
 15769 | Lair:5   | Noticed Urug
 15779 | Lair:5   | Killed Urug
 17058 | Lair:6   | Found a viscous altar of Jiyva.
 17058 | Lair:6   | Found a staircase to the Slime Pits.
 18349 | D:12     | Found a staircase to the Orcish Mines.
 18568 | D:12     | Found Jiox's Food Shoppe.
 18936 | D:12     | Received a gift from Trog
 19678 | Orc:1    | Entered Level 1 of the Orcish Mines
 19689 | Orc:1    | Reached XP level 15. HP: 155/155 MP: 14/14
 19847 | Orc:2    | Entered Level 2 of the Orcish Mines
 20206 | Orc:2    | Received a gift from Trog
 20238 | Orc:2    | Found a roughly hewn altar of Beogh.
 20456 | Orc:2    | Found Yxoosauj's Magic Scroll Boutique.
 20482 | Orc:2    | Found Mado's General Store.
 20896 | Orc:2    | Noticed an orc warlord
 20963 | Orc:2    | Killed an orc warlord
 21039 | Orc:2    | Found Guesouli's Antique Armour Emporium.
 21077 | Orc:2    | Found a roughly hewn altar of Beogh.
 21402 | Orc:2    | Found Ivyak's Gadget Shoppe.
 21554 | Orc:2    | Found a staircase to the Elven Halls.
 22452 | D:13     | Received a gift from Trog
 22775 | D:14     | Found a gate to the Vaults.
 22775 | D:14     | Noticed Nessos
 22925 | D:14     | Killed Nessos
 23211 | D:14     | Found a sacrificial altar of Ru.
 23466 | D:14     | Found Kitevec's Magic Scroll Shoppe.
 23873 | D:15     | Entered Level 15 of the Dungeon
 24190 | D:15     | Found a staircase to the Depths.
 24415 | D:15     | Reached XP level 16. HP: 166/167 MP: 11/15
 24430 | D:15     | Received a gift from Trog
 24995 | D:15     | Identified a scroll of acquirement
 25607 | Swamp:1  | Entered Level 1 of the Swamp
 25632 | Swamp:1  | Found an ornate altar of the Wu Jian Council.
 25725 | Swamp:1  | Noticed Aizul
 25739 | Swamp:1  | Killed Aizul
 26442 | Swamp:2  | Found a transporter.
 26484 | Swamp:2  | Found a transporter.
 27323 | Swamp:3  | Found a runed translucent gate.
 27703 | Swamp:3  | Found a runed translucent gate.
 27704 | Swamp:3  | Found a runed translucent gate.
 27705 | Swamp:3  | Noticed Suryr's ghost (adept GnWz)
 27889 | Swamp:3  | Noticed Bai Suzhen
 27905 | Swamp:3  | Killed Bai Suzhen
 28098 | Swamp:3  | Noticed Kirke
 28116 | Swamp:3  | Killed Kirke
 28139 | Swamp:3  | Found the +3 robe of Folly {Archmagi, MR-- Int+5}
 28435 | Swamp:4  | Entered Level 4 of the Swamp
 28493 | Swamp:4  | Noticed a tentacled monstrosity
 28509 | Swamp:4  | Killed a tentacled monstrosity
 28581 | Swamp:4  | Noticed a thorn hunter
 28593 | Swamp:4  | Killed a thorn hunter
 28609 | Swamp:4  | Noticed a thorn hunter
 28627 | Swamp:4  | Killed a thorn hunter
 28936 | Swamp:4  | Received a gift from Trog
 29376 | Swamp:4  | Noticed the 27-headed Lernaean hydra
 30204 | Swamp:4  | Reached XP level 17. HP: 120/178 MP: 16/16
 31099 | Swamp:4  | Got a decaying rune of Zot
 31688 | Snake:1  | Found a shimmering altar of Xom.
 32739 | Snake:2  | Found Uwerech's Assorted Antiques.
 33164 | Snake:3  | Received a gift from Trog
 34145 | Snake:4  | Entered Level 4 of the Snake Pit
 34159 | Snake:4  | Noticed Donald
 34174 | Snake:4  | Killed Donald
 34680 | Snake:4  | Noticed Louise
 34686 | Snake:4  | Cast into level 2 of the Abyss (Louise)
 35130 | Abyss:2  | Found a corrupted altar of Lugonu.
 35193 | Abyss:2  | Received a gift from Trog
 35223 | Abyss:2  | Found a corrupted altar of Lugonu.
 35229 | Abyss:2  | Lost intelligence.
 35303 | Abyss:2  | Paralysed by accursed screaming for 2 turns
 35311 | Abyss:2  | Paralysed by accursed screaming for 2 turns
 35314 | Abyss:2  | HP: 1/144 [starcursed mass/accursed screaming (16)]
 35315 | Abyss:2  | Killed from afar by a starcursed mass

Levels and vault maps discovered:
D:1:      minmay_arrival_statue_studded, layout_loops_ring,
          minmay_misc_feat_nine_boxes, minivault_4, hangedman_decor_push
D:2:      layout_loops_ring
D:3:      layout_loops_ring, fedhas_altar_3, serial_park_tiny_2,
          corner_web_ring, uniq_ijyb
D:4:      layout_basic, old_standard_altar, serial_glass, glass_columns_a,
          glass_columns_a, due_unseen_surprise
D:5:      layout_gridville, first_ration, minmay_misc_feat_secret_circle
D:6:      kennysheep_big_flooded_room, layout_loops_ring,
          grunt_temple_overflow_order_and_chaos_2, old_standard_altar,
          uniq_edmund
D:7:      layout_loops_cross, gammafunk_temple_overflow_elements,
          minmay_temple_entry_proselytizer, minivault_10, grunt_ogre_cave,
          eino_jars
D:8:      layout_rooms, yredelemnul_forgotten_temple_becter, bloody_trog,
          minmay_gold_behind_fungi
D:9:      lemuel_insect_pit, layout_irregular_city, serial_shops,
          nicolae_shop_stone, minivault_19, minmay_misc_feat_rugged,
          minmay_lizard_king, uniq_gastronok
D:10:     layout_irregular_city, kennysheep_crisscross, uniq_psyche
D:11:     layout_basic, david_lair_generic
D:12:     minmay_connected_boxes_in_corner, layout_gridville, orc_0_dummy,
          serial_shops, nicolae_shop_stone
D:13:     minmay_separated_statues, layout_gridville
D:14:     layout_stronghold, david_vaults_3, hangedman_ru_absence, serial_shops,
          nicolae_shop_competitors_out_of_business
D:15:     grunt_enter_depths_hoard, layout_basic
Temple:   dshaligram_water_room_temple
Lair:1:   layout_gridlike, nicolae_volcano_entry_lava_flow,
          gammafunk_ghost_hive, ldierk_geyser, st_stairs_3,
          kennysheep_abandoned_house, lemuel_fruit_tree, serial_bayou_shore_a
Lair:2:   layout_cave_shapes, grunt_megastairs_2
Lair:3:   layout_regular_city, gammafunk_ghost_ooze, cheibrodos_lair_reptile_den
Lair:4:   layout_regular_city, swamp_mist, minmay_snake_entry_guardpost_small,
          lemuel_fruit_fields, grunt_megastairs_4, infiniplex_staircase_pool
Lair:5:   layout_roguey, basic_altar, uniq_urug
Lair:6:   hangedman_lair_tendril_chambers, layout_gridlike,
          dpeg_slime_entry_enclosed_altar, serial_bayou_shore_b
Swamp:1:  layout_basic_swamp, basic_altar, uniq_aizul
Swamp:2:  gammafunk_the_bubble [the_bubble_gammafunk_grid], layout_basic_swamp,
          nicolae_swamp_trees_clearing
Swamp:3:  layout_basic_swamp, gammafunk_ghost_hydra_chop,
          nicolae_swamp_round_clearing, swamp_pool1,
          nicolae_swamp_very_dense_foliage, uniq_bai_suzhen, uniq_kirke
Swamp:4:  swamp_old_school, layout_basic_swamp, grunt_witch_cave
Snake:1:  skrybe_snakes_to_sticks, layout_grid_shapes
Snake:2:  layout_rooms, serial_shops, shop, serial_bayou_shore_b
Snake:3:  layout_onion, portal_ice_cave_entry_frozen_things, grunt_ministairs_9
Snake:4:  snake_pit_salamanders_mu, layout_cave_town, uniq_donald, uniq_louise
Orc:1:    layout_caves
Orc:2:    pubby_orc_utopia
Abyss:2:  base: Lair:5, base:
Swamp:3

Skill      XL: |  1  2  3  4  5  6  7  8  9 10 11 12 13 14 15 16 17 |
---------------+----------------------------------------------------+-----
Maces & Flails | 4 5 6 7 8 9 11 13 14 | 14.0
Fighting       | 4 5 6 7 8 10 11 14 16 18 19 21 22 23 | 23.8
Armour         | 3 5 9 12 14 16 18 20 21 23 | 23.0
Dodging        | |  2.1

Action                   |  1- 3 |  4- 6 |  7- 9 | 10-12 | 13-15 | 16-18 || total
-------------------------+-------+-------+-------+-------+-------+-------++-------
Melee: Mace              |    86 |   107 |   126 |       |       |       ||   319
       Headbutt          |    16 |    20 |    52 |    78 |   262 |   229 ||   657
       Dire flail        |       |       |   147 |   455 |  1161 |   824 ||  2587
Invok: Berserk           |       |     3 |     9 |     5 |    17 |    15 ||    49
  Use: Scroll            |       |       |     9 |    11 |     9 |    17 ||    46
       Potion            |       |       |       |       |       |     5 ||     5
 Stab: Sleeping          |       |     1 |       |       |       |       ||     1
  Eat: Chunk             |     1 |     5 |    19 |    16 |    38 |    15 ||    94
       Ration            |       |     1 |     2 |     2 |     4 |    10 ||    19
Armor: Animal skin       |    14 |     7 |       |       |       |       ||    21
       Storm dragon scal |       |     4 |   159 |   190 |   848 |   854 ||  2055
Dodge: Dodged            |    54 |    46 |   121 |   156 |   461 |   392 ||  1230
